[Event "Titled Tuesday Blitz May 25 2021"]
[White "Jones, Gawain C B"]
[Black "Van Foreest, Jorden"]
[WhiteFideId "409561"]
[BlackFideId "1039784"]
[WhiteElo "2657"]
[BlackElo "2622"]
[Result "1-0"]
[Round "08"]
[TimeControl "180+1"]
[Date "2021.05.25"]
[WhiteClock "0:00:03"]
[BlackClock "0:00:01"]

1. c4 e6 2. g3 d5 3. Bg2 Nf6 4. Nf3 Be7 5. b3 c5 6. O-O d4 7. e3 Nc6 8. exd4 cxd4 9. d3 O-O 10. Re1 h6 11. Bb2 Bc5 12. Ne5 Nxe5 13. Rxe5 Qc7 14. Qe1 Rd8 15. Na3 a6 16. Nc2 a5 17. a3 Bd6 18. Bxd4 Bxe5 19. Bxe5 Qe7 20. Qc3 Ng4 21. Bxg7 e5 22. h3 Nxf2 23. Qxe5 Qxe5 24. Bxe5 Nxd3 25. Bc3 Nc5 26. Nd4 Ra6 27. Re1 Be6 28. Re5 Rc8 29. Rh5 Bd7 30. b4 axb4 31. axb4 Na4 32. Bxb7 Rxc4 33. Bxa6 Rxc3 34. g4 Kg7 35. Bb5 Bxb5 36. Rxb5 Rxh3 37. Kg2 Rd3 38. Nf5+ Kg6 39. Nh4+ Kg7 40. Rh5 Rb3 41. b5 Nc3 42. Nf5+ Kf6 43. Nd4 Rb4 44. Rxh6+ Kg5 45. Rd6 Kxg4 46. b6 Rb2+ 47. Kf1 Ne4 48. Rh6 f5 49. Ke1 f4 50. Rg6+ Kh5 51. Re6 Ng5 52. Rf6 Kg4 53. Kd1 f3 54. Kc1 Rb4 55. Nc2 Rb3 56. Nd4 Rb4 57. Nc2 Rb5 58. Nd4 Rc5+ 59. Kb2 Rd5 60. b7 Rd8 61. Nc6 Re8 62. b8=Q Rxb8+ 63. Nxb8 Ne4 64. Rg6+ Kf4 65. Nc6 f2 66. Rg8 Kf3 67. Rf8+ Ke2 68. Nd4+ Ke3 69. Nc2+ Ke2 70. Nd4+ Ke3 71. Nf5+ Kf3 72. Kc2 Ng3 73. Nxg3+ Kxg3 74. Kd2 Kg2 75. Ke2 1-0


[Site "https://www.chess.com"]

[Event "Titled Tuesday Blitz May 25 2021"]
[White "Khumalo, Keith"]
[Black "Petukhov, Dmitry"]
[WhiteFideId "14319470"]
[BlackFideId "4142748"]
[WhiteElo "1992"]
[BlackElo "2356"]
[Result "1-0"]
[Round "08"]
[TimeControl "180+1"]
[Date "2021.05.25"]
[WhiteClock "0:01:48"]
[BlackClock "0:00:05"]

1. d4 Nf6 2. c4 g6 3. Nc3 d5 4. Bg5 Ne4 5. Bf4 Nxc3 6. bxc3 dxc4 7. e3 Bg7 8. Nf3 O-O 9. Bxc4 c5 10. O-O Qa5 11. Qb3 cxd4 12. cxd4 Nc6 13. Rac1 Qh5 14. Be2 Qa5 15. Rc5 Qd8 16. Rfc1 Na5 17. Qb2 b6 18. Rc7 Be6 19. Ba6 Re8 20. a4 Qd5 21. Ng5 Qb3 22. Qd2 Bd5 23. Bb5 h6 24. Nf3 Bxf3 25. Bxe8 Rxe8 26. gxf3 Qxa4 27. Rxa7 Qb5 28. Qc2 Qh5 29. Kg2 e5 30. dxe5 Bxe5 31. Qe4 Nb3 32. Qa4 Re6 33. Qxb3 Bxf4 34. exf4 Rf6 35. Rc8+ Kg7 36. Qb4 Rxf4 37. Qf8+ Kf6 38. Rxf7+ 1-0


[Site "https://www.chess.com"]

[Event "Titled Tuesday Blitz May 25 2021"]
[White "Khusnutdinov, Rustam"]
[Black "Ozen, Bahadir"]
[WhiteFideId "13701703"]
[BlackFideId "6337058"]
[WhiteElo "2571"]
[BlackElo "2503"]
[Result "0-1"]
[Round "08"]
[TimeControl "180+1"]
[Date "2021.05.25"]
[WhiteClock "0:00:05"]
[BlackClock "0:00:05"]

1. d4 Nf6 2. c4 e6 3. Nc3 Bb4 4. f3 d5 5. a3 Bxc3+ 6. bxc3 c5 7. cxd5 Nxd5 8. dxc5 Qa5 9. e4 Nf6 10. Be3 O-O 11. Qb3 Nfd7 12. a4 Qc7 13. Qa3 b6 14. a5 bxc5 15. a6 c4 16. Qa5 Qxa5 17. Rxa5 Nc6 18. Ra2 Rb8 19. Bxc4 Rb1+ 20. Kf2 Nde5 21. Be2 Rd8 22. g4 Nd3+ 23. Kg2 e5 24. Nh3 Rxh1 25. Kxh1 Be6 26. Rd2 Bc4 27. Kg1 Bxa6 28. Nf2 Nxf2 29. Rxd8+ Nxd8 30. Bxa6 Nd1 31. Bd2 Ne6 32. Kf1 Nc5 33. Be2 Nb2 34. Be3 Nba4 35. Ke1 Kf8 36. Kd2 Ke7 37. Bc4 f6 38. g5 a5 39. h4 Ne6 40. Bxe6 Kxe6 41. Kc2 Kd6 42. Kb3 Nc5+ 43. Kc4 Ne6 44. Kb5 fxg5 45. hxg5 Nd8 46. c4 Ne6 47. c5+ Kc7 48. Kxa5 Kc6 49. Kb4 Nc7 50. Kc4 Ne6 51. Bd2 Nd4 52. f4 Nf3 53. Be3 exf4 54. Bxf4 Nh4 55. e5 Ng6 56. Bg3 Nf8 57. Bf2 Ne6 58. Be3 Nf8 59. Kd4 Ne6+ 60. Ke4 g6 61. Kf3 Kd5 62. Kg3 Kxe5 63. Kg4 Ke4 64. Bf2 Kd5 65. Kf3 Nxc5 66. Kf4 Nd3+ 0-1


[Site "https://www.chess.com"]

[Event "Titled Tuesday Blitz May 25 2021"]
[White "Korkmaz, Necmettin"]
[Black "Herrera Reyes, Jose Antonio"]
[WhiteFideId "6303285"]
[BlackFideId "2274914"]
[WhiteElo "2462"]
[BlackElo "2586"]
[Result "0-1"]
[Round "08"]
[TimeControl "180+1"]
[Date "2021.05.25"]
[WhiteClock "0:02:10"]
[BlackClock "0:01:44"]

1. d4 Nf6 2. Nf3 c5 3. d5 g6 4. c4 b5 5. cxb5 a6 6. b6 Bg7 7. Nc3 O-O 8. g3 d6 9. Bg2 Nbd7 10. O-O Nxb6 11. e4 a5 12. Re1 Nfd7 13. Bf4 a4 14. Rc1 Nc4 15. Qc2 Nce5 16. Nxe5 Nxe5 17. Bg5 Ba6 18. Bf1 Nf3+ 19. Kg2 Nxe1+ 20. Rxe1 Bxf1+ 21. Kxf1 h6 22. Be3 Qb6 23. Nxa4 Qb5+ 0-1


[Site "https://www.chess.com"]

[Event "Titled Tuesday Blitz May 25 2021"]
[White "Lamaze, Simon"]
[Black "Villegas, Pierre"]
[WhiteFideId "36069264"]
[BlackFideId "654183"]
[WhiteElo "1938"]
[BlackElo "2411"]
[Result "1-0"]
[Round "08"]
[TimeControl "180+1"]
[Date "2021.05.25"]
[WhiteClock "0:00:16"]
[BlackClock "0:00:02"]

1. d4 d5 2. c4 e6 3. Nf3 Nf6 4. g3 Be7 5. Bg2 O-O 6. O-O dxc4 7. Qc2 a6 8. a4 Bd7 9. Qxc4 Bc6 10. Bf4 Bd6 11. Qc1 a5 12. Nc3 Na6 13. Bg5 Bxf3 14. Bxf3 c6 15. Rd1 h6 16. Bd2 Qe7 17. Qc2 e5 18. Be3 Nb4 19. Qb3 e4 20. Bg2 Nbd5 21. Nxd5 Nxd5 22. Bd2 f5 23. e3 Kh7 24. Rac1 g5 25. Be1 f4 26. exf4 gxf4 27. Bd2 e3 28. fxe3 f3 29. Bh3 Qe4 30. Qc2 Rae8 31. Kf2 Nb4 32. Bxb4 axb4 33. Qxe4+ Rxe4 34. Rd3 h5 35. b3 h4 36. Rg1 hxg3+ 37. hxg3 Kg7 38. Rh1 Re7 39. Bg4 Kg6 40. Bh5+ Kg5 41. Bxf3 Ref7 42. e4 c5 43. e5 cxd4 44. Rh5+ Kg6 45. Kg2 Rxf3 46. Rxf3 Rxf3 47. Kxf3 Kxh5 48. exd6 1-0


[Site "https://www.chess.com"]

[Event "Titled Tuesday Blitz May 25 2021"]
[White "Le, Tuan Minh"]
[Black "Djordjevic, Vuk"]
[WhiteFideId "12401153"]
[BlackFideId "902098"]
[WhiteElo "2450"]
[BlackElo "2463"]
[Result "1-0"]
[Round "08"]
[TimeControl "180+1"]
[Date "2021.05.25"]
[WhiteClock "0:00:08"]
[BlackClock "0:00:01"]

1. d4 e6 2. Nf3 Nf6 3. Bf4 d5 4. e3 Bd6 5. Nbd2 Bxf4 6. exf4 Qd6 7. g3 O-O 8. c3 b6 9. Bd3 c5 10. Qe2 a5 11. O-O Ba6 12. Bxa6 Rxa6 13. Rad1 Ra7 14. Rfe1 Nc6 15. Nf1 Ne4 16. Ne3 cxd4 17. Nxd4 Nxd4 18. Rxd4 Qc5 19. Red1 b5 20. a4 bxa4 21. c4 Nf6 22. cxd5 exd5 23. Rxa4 Re8 24. Qd2 Qb5 25. Rda1 Ne4 26. Qxd5 Qxd5 27. Nxd5 Rb7 28. Re1 f5 29. f3 Nd6 30. Rxe8+ Nxe8 31. Rxa5 Rxb2 32. Ne7+ Kf7 33. Nxf5 Rb7 34. Kg2 Rc7 35. g4 g6 36. Ne3 Rd7 37. Kg3 Rd3 38. Nc4 Rd8 39. Ra7+ Kg8 40. Ne5 Nf6 41. h4 Ne8 42. Nc6 Rd6 43. Ne7+ Kf8 44. f5 Rb6 45. fxg6 hxg6 46. Nd5 Rd6 47. Nf4 Kg8 48. Re7 Kf8 49. Re6 Rxe6 50. Nxe6+ Kf7 51. Ng5+ Kf6 52. Kf4 Nc7 53. Ne4+ Kg7 54. Ke5 Na6 55. Ng3 Nb4 56. h5 Nc6+ 57. Kf4 Kf6 58. Ne4+ Kg7 59. hxg6 Kxg6 60. Nc5 Nd4 61. Nd3 Ne2+ 62. Ke3 Ng3 63. Kf2 Nh1+ 64. Kg2 1-0


[Site "https://www.chess.com"]

[Event "Titled Tuesday Blitz May 25 2021"]
[White "Madaminov, Mukhiddin"]
[Black "Gabrielian, Artur"]
[WhiteFideId "14210703"]
[BlackFideId "4131002"]
[WhiteElo "2646"]
[BlackElo "2770"]
[Result "1/2-1/2"]
[Round "08"]
[TimeControl "180+1"]
[Date "2021.05.25"]
[WhiteClock "0:00:08"]
[BlackClock "0:00:09"]

1. e4 e5 2. Nf3 Nc6 3. Bb5 g6 4. O-O Bg7 5. c3 a6 6. Ba4 d6 7. d4 Bd7 8. h3 h6 9. Re1 Nf6 10. Nbd2 O-O 11. Nf1 b5 12. Bc2 exd4 13. cxd4 Nb4 14. Bb1 c5 15. Bf4 Ne8 16. Qd2 Nc6 17. Bxh6 Nxd4 18. Nxd4 Bxd4 19. Bxf8 Kxf8 20. Ne3 Qf6 21. Nd5 Qe5 22. Nb6 Rd8 23. Nxd7+ Rxd7 24. Re2 Nf6 25. a4 b4 26. Bd3 a5 27. Rae1 Nh5 28. Qh6+ Kg8 29. Bc4 Nf4 30. g3 Nxe2+ 31. Rxe2 Qxg3+ 32. Kf1 Qe5 33. Qxg6+ Kf8 34. Qh6+ Qg7 35. Qxg7+ Kxg7 36. f4 Kf6 37. b3 Rd8 38. Kg2 Rg8+ 39. Kf3 Rh8 40. Rh2 Kg7 41. h4 Kh6 42. Bxf7 Rf8 43. Bd5 Be5 44. Ke2 Rxf4 45. Rh1 c4 46. Bxc4 Rxe4+ 47. Kd3 Rd4+ 48. Ke3 Rg4 49. Be6 Rf4 50. h5 Rf6 51. Bd5 Rf4 52. Bf3 Rf6 53. Ke2 Bf4 54. Bg4 d5 55. Rd1 Kg5 56. Bf3 Re6+ 57. Kf1 Kh4 58. Rxd5 Kg3 59. Be2 Be3 60. Ke1 Rf6 61. Kd1 Rf4 62. Kc2 Rh4 63. Kd3 Bc1 64. Rxa5 Kf2 65. Rf5+ Kg2 66. a5 Rh3+ 67. Kc4 Rc3+ 68. Kxb4 Bd2 69. Ka4 Rc2 70. b4 Rb2 71. Rb5 Kf2 72. Bc4 Ke3 73. a6 Kd4 74. Bb3 Rb1 75. Ka5 Be3 76. a7 Ra1+ 77. Kb6 Kc3+ 78. Rc5+ Kxb4 79. Kb7 Bxc5 80. a8=Q Rxa8 81. Kxa8 Kxb3 82. Kb7 Bd4 83. Kc6 Kc3 84. Kd5 Kd3 85. Ke6 Ke4 86. h6 Be5 87. h7 Bd4 88. Kf7 Kf5 89. Kg8 Kg6 90. h8=Q Bxh8 1/2-1/2


[Site "https://www.chess.com"]

[Event "Titled Tuesday Blitz May 25 2021"]
[White "Makhnev, Denis"]
[Black "Annaberdiyev, Babageldi"]
[WhiteFideId "13707647"]
[BlackFideId "14000385"]
[WhiteElo "2636"]
[BlackElo "2739"]
[Result "1-0"]
[Round "08"]
[TimeControl "180+1"]
[Date "2021.05.25"]
[WhiteClock "0:00:06"]
[BlackClock "0:00:02"]

1. Nf3 Nf6 2. c4 g6 3. Nc3 Bg7 4. g3 d6 5. Bg2 O-O 6. O-O Nc6 7. Rb1 e5 8. b4 a6 9. d3 Re8 10. Bg5 h6 11. Bxf6 Bxf6 12. a4 Bg7 13. b5 axb5 14. axb5 Nd4 15. e3 Ne6 16. Nd2 f5 17. Nd5 Rf8 18. Ra1 Rb8 19. Ra7 Bd7 20. Nb4 Ra8 21. Rxb7 Nc5 22. Nc6 Bxc6 23. bxc6 Nxd3 24. Bd5+ Kh7 25. e4 Nc5 26. exf5 gxf5 27. Qc2 e4 28. Rb5 Qf6 29. Kh1 h5 30. f3 e3 31. Nb3 Qc3 32. Qxc3 Bxc3 33. Nc1 Ra1 34. Kg2 Bd2 35. Ne2 Ra2 36. f4 Nd3 37. Rfb1 Ne1+ 38. Kf1 Nd3 39. Rb8 Rxb8 40. Rxb8 Ra1+ 41. Kg2 Re1 42. Bf3 Nc5 43. Bxh5 Ba5 44. Rf8 Ne4 45. Rxf5 Nc3 46. Nxc3 Bxc3 47. Rf7+ Kh6 48. Bf3 Rc1 49. Rxc7 Bd4 50. Re7 Rxc4 51. g4 Bb6 52. g5+ Kg6 53. Be4+ Kh5 54. Bf3+ Kg6 55. Be4+ Kh5 56. Kg3 Rxe4 57. Rxe4 1-0


[Site "https://www.chess.com"]

[Event "Titled Tuesday Blitz May 25 2021"]
[White "Maksimenko, Viktor"]
[Black "Dobre, Claudiu-Cristian"]
[WhiteFideId "13710478"]
[BlackFideId "1211854"]
[WhiteElo "2269"]
[BlackElo "2230"]
[Result "0-1"]
[Round "08"]
[TimeControl "180+1"]
[Date "2021.05.25"]
[WhiteClock "0:00:02"]
[BlackClock "0:00:16"]

1. d4 d5 2. c4 c6 3. Nf3 Nf6 4. Nbd2 Bf5 5. Qb3 Qb6 6. c5 Qxb3 7. axb3 Na6 8. Ra4 e6 9. Nh4 Bc2 10. Ra3 Nc7 11. e3 e5 12. b4 exd4 13. exd4 Ne6 14. Nhf3 g6 15. Nb3 Bxb3 16. Rxb3 a6 17. Be3 Bg7 18. Ra3 O-O 19. Be2 Nd7 20. Kd2 f5 21. Kd3 Rae8 22. Raa1 f4 23. Bd2 Nxd4 24. Nxd4 Bxd4 25. Bg4 Ne5+ 26. Kxd4 Nxg4 27. f3 Ne3 28. Bxe3 Rxe3 29. Rhe1 Rfe8 30. Rxe3 Rxe3 31. Ra3 Re2 32. g3 fxg3 33. hxg3 Rxb2 34. Ke5 Kf7 35. g4 Rxb4 36. Re3 h6 37. Kd6 Kf6 38. Re6+ Kg5 39. Re5+ Kf4 40. Re6 Kxf3 41. Rxg6 Rxg4 42. Rxh6 Rb4 43. Kc7 Ke3 44. Rh3+ Kd2 45. Rh4 Kc3 46. Rh3+ Kc4 47. Kd6 Kb5 48. Rh1 a5 49. Rh7 Ka6 50. Kc7 Rb5 51. Kd6 a4 52. Rh8 Ka5 53. Ra8+ Kb4 54. Kc7 a3 55. Kd6 Kb3 56. Rh8 a2 57. Rh1 Ka3 0-1


[Site "https://www.chess.com"]

[Event "Titled Tuesday Blitz May 25 2021"]
[White "Martin Carmona, Gaston Manuel"]
[Black "Aravindh, Chithambaram VR."]
[WhiteFideId "22284567"]
[BlackFideId "5072786"]
[WhiteElo "2464"]
[BlackElo "2861"]
[Result "0-1"]
[Round "08"]
[TimeControl "180+1"]
[Date "2021.05.25"]
[WhiteClock "0:02:26"]
[BlackClock "0:02:03"]

1. e4 g6 2. d4 Bg7 3. c3 d6 4. Nf3 Nf6 5. Bd3 O-O 6. O-O c5 7. dxc5 dxc5 8. Qe2 Nc6 9. Nbd2 Qc7 10. a4 b6 11. Nc4 Rd8 12. Re1 h6 13. g3 Bg4 14. Bf4 Qc8 15. e5 Nd5 16. e6 Bxe6 17. Bxg6 Nxf4 18. gxf4 Bxc4 19. Qxc4 Qg4+ 20. Kf1 Qxg6 0-1


[Site "https://www.chess.com"]

[Event "Titled Tuesday Blitz May 25 2021"]
[White "Matveev, Vladimir"]
[Black "davigator"]
[WhiteFideId "24130753"]
[WhiteElo "2383"]
[BlackElo "2452"]
[Result "0-1"]
[Round "08"]
[TimeControl "180+1"]
[Date "2021.05.25"]
[WhiteClock "0:00:04"]
[BlackClock "0:00:44"]

1. d4 Nf6 2. c4 e6 3. Nf3 Bb4+ 4. Bd2 a5 5. g3 b6 6. Bg2 Ba6 7. Ne5 c6 8. O-O O-O 9. Bf4 Be7 10. Nd2 d5 11. Rc1 Nfd7 12. cxd5 cxd5 13. Nd3 Ra7 14. Nf3 g5 15. Bd2 Bf6 16. Re1 h6 17. Qc2 Qe7 18. Qb1 Rd8 19. b4 Bc4 20. b5 Qf8 21. a4 Qg7 22. Qb2 Nc5 23. Qa3 Ne4 24. Be3 Nd7 25. Nfe5 Nxe5 26. Nxe5 Bxe5 27. dxe5 Nc5 28. Bxc5 bxc5 29. Qxc5 Rad7 30. Rxc4 dxc4 31. b6 Qf8 32. b7 Qxc5 0-1


[Site "https://www.chess.com"]

[Event "Titled Tuesday Blitz May 25 2021"]
[White "Mazanchenko, Dmitry"]
[Black "Ezat, Mohamed"]
[WhiteFideId "4193342"]
[BlackFideId "10600906"]
[WhiteElo "2132"]
[BlackElo "2417"]
[Result "0-1"]
[Round "08"]
[TimeControl "180+1"]
[Date "2021.05.25"]
[WhiteClock "0:00:21"]
[BlackClock "0:01:12"]

1. e4 c6 2. Nc3 d5 3. Nf3 Bg4 4. h3 Bh5 5. g4 Bg6 6. exd5 cxd5 7. Bb5+ Nc6 8. Ne5 Rc8 9. h4 f6 10. Nxg6 hxg6 11. Bd3 Kf7 12. h5 gxh5 13. gxh5 e6 14. Bg6+ Ke7 15. d3 Ne5 16. Rg1 Nxg6 17. hxg6 Ke8 18. d4 Bb4 19. Bd2 Ne7 20. Qe2 Qd7 21. O-O-O Nf5 22. Rg4 Rc4 23. a3 Ba5 24. b4 Bb6 25. Be1 Rxd4 26. Rgxd4 Bxd4 27. Nb5 Bb6 28. c4 a6 29. cxd5 axb5 30. dxe6 Qc6+ 31. Kb1 Nd4 32. Qd3 Rh3 0-1


[Site "https://www.chess.com"]

[Event "Titled Tuesday Blitz May 25 2021"]
[White "Mirzoev, Azer"]
[Black "Yoo, Christopher Woojin"]
[WhiteFideId "13400304"]
[BlackFideId "30909694"]
[WhiteElo "2525"]
[BlackElo "2009"]
[Result "1/2-1/2"]
[Round "08"]
[TimeControl "180+1"]
[Date "2021.05.25"]
[WhiteClock "0:00:27"]
[BlackClock "0:00:06"]

1. d4 Nf6 2. Nf3 e6 3. c4 d5 4. Nc3 dxc4 5. e3 a6 6. Bxc4 b5 7. Be2 Bb7 8. O-O Nbd7 9. b3 c5 10. Bb2 Be7 11. h3 O-O 12. Rc1 Rc8 13. Nb1 Qb6 14. Nbd2 Rfd8 15. Rc2 cxd4 16. Bxd4 Bc5 17. Bxc5 Nxc5 18. Qb1 Nce4 19. Rfc1 Rxc2 20. Rxc2 b4 21. Qb2 Nc3 22. Bf1 Nfe4 23. Nxe4 Bxe4 24. Rd2 Bxf3 25. gxf3 a5 26. a3 g6 27. axb4 axb4 28. Rxd8+ Qxd8 29. Qc2 Qd5 30. f4 e5 31. fxe5 Qxe5 32. Qd3 Qg5+ 33. Bg2 Qa5 34. Qc4 Qa1+ 35. Bf1 Qa5 36. Bg2 Qb6 37. Bf1 h5 38. Bg2 Kg7 39. Bf1 Qd6 40. Bg2 g5 41. Bf1 h4 42. Bg2 f5 43. Bf1 f4 44. exf4 Qxf4 45. Qxf4 gxf4 46. Kg2 Kf6 47. Kf3 Ke5 48. Bd3 Nd1 49. Bc2 Nc3 50. Bd3 Nd1 51. Bc2 Nc3 52. Bd3 1/2-1/2


[Site "https://www.chess.com"]

[Event "Titled Tuesday Blitz May 25 2021"]
[White "Miszler, Levente"]
[Black "Kosteniuk, Alexandra"]
[WhiteFideId "763276"]
[BlackFideId "4128125"]
[WhiteElo "2463"]
[BlackElo "2697"]
[Result "1-0"]
[Round "08"]
[TimeControl "180+1"]
[Date "2021.05.25"]
[WhiteClock "0:00:21"]
[BlackClock "0:00:03"]

1. Nf3 Nf6 2. c4 e6 3. g3 b6 4. Bg2 Bb7 5. O-O Be7 6. d4 O-O 7. Nc3 Ne4 8. Nxe4 Bxe4 9. Be3 d6 10. Qd2 Nd7 11. Rfd1 Qe8 12. Rac1 a5 13. Ne1 Bxg2 14. Nxg2 f5 15. f3 Bf6 16. Bf2 a4 17. e4 fxe4 18. fxe4 e5 19. Be3 Qg6 20. Qc2 exd4 21. Bxd4 Bxd4+ 22. Rxd4 Ne5 23. Nh4 Qg4 24. Rdd1 Rf4 25. Rf1 Rxe4 26. Qg2 Re8 27. Nf5 Qe2 28. Rf2 Qd3 29. Rcf1 h6 30. Qh3 Re2 31. Rf4 Re4 32. R4f2 Ng4 33. Rf3 Qxc4 34. Qh5 Qc5+ 35. Kh1 Qd5 36. Ne7+ R8xe7 37. Qxd5+ Kh7 38. Rf7 Ne3 39. Qd3 Kg8 40. Rf8+ Kh7 41. R8f4 d5 42. Rxe4 Rxe4 43. Rf4 Ng4 44. Rxg4 1-0


[Site "https://www.chess.com"]

[Event "Titled Tuesday Blitz May 25 2021"]
[White "Molina, Roberto Junio Brito"]
[Black "Lazavik, Denis"]
[WhiteFideId "2109450"]
[BlackFideId "13515110"]
[WhiteElo "2402"]
[BlackElo "2436"]
[Result "0-1"]
[Round "08"]
[TimeControl "180+1"]
[Date "2021.05.25"]
[WhiteClock "0:00:02"]
[BlackClock "0:00:04"]

1. d4 Nf6 2. c4 e6 3. Nc3 Bb4 4. Qc2 O-O 5. a3 Bxc3+ 6. Qxc3 d5 7. Bg5 dxc4 8. Qxc4 b6 9. Nf3 Bb7 10. e3 Nbd7 11. Be2 h6 12. Bh4 c5 13. O-O Qe7 14. Rac1 g5 15. Bg3 Ne4 16. Rfd1 Rfd8 17. Qa4 Ndf6 18. Ne5 cxd4 19. exd4 a6 20. Qb3 Bd5 21. Bc4 Qb7 22. Bxd5 Rxd5 23. Nc4 Nxg3 24. hxg3 b5 25. Ne3 Rd7 26. Rd3 Rad8 27. Rcd1 g4 28. Qb4 Qe4 29. d5 Qxb4 30. axb4 exd5 31. Rd4 h5 32. Rf4 Rd6 33. Rdd4 Re6 34. Kf1 Kf8 35. Ke2 Ke7 36. Kd3 Re4 37. Nxd5+ Nxd5 38. Rfxe4+ Kf6 39. Kd2 Kf5 40. Re3 Nxe3 41. Rxd8 Nxg2 42. Ke2 h4 43. gxh4 Nxh4 44. Rd6 Nf3 45. Rxa6 Ke4 0-1


[Site "https://www.chess.com"]

[Event "Titled Tuesday Blitz May 25 2021"]
[White "Nesterov, Arseniy"]
[Black "Erdogdu, Mert"]
[WhiteFideId "24198455"]
[BlackFideId "6301495"]
[WhiteElo "2441"]
[BlackElo "2485"]
[Result "1-0"]
[Round "08"]
[TimeControl "180+1"]
[Date "2021.05.25"]
[WhiteClock "0:00:36"]
[BlackClock "0:00:07"]

1. d4 d5 2. c4 e6 3. Nf3 c5 4. cxd5 exd5 5. Nc3 Nc6 6. g3 Nf6 7. Bg2 Be7 8. O-O O-O 9. Bg5 cxd4 10. Nxd4 h6 11. Bf4 Qb6 12. Nb3 Be6 13. Be3 Qa6 14. Nc5 Bxc5 15. Bxc5 Rfe8 16. e3 Rad8 17. Rc1 Ne4 18. Bd4 Bf5 19. a3 Na5 20. Ne2 Nc4 21. Nf4 Qb5 22. Qh5 Bh7 23. Qg4 Ne5 24. Bxe5 Rxe5 25. Qe2 Qxe2 26. Nxe2 g5 27. Nd4 Re7 28. Rfd1 Bg6 29. Bf3 Kg7 30. Kg2 Rd6 31. h4 Rb6 32. b3 Ra6 33. a4 Rb6 34. hxg5 hxg5 35. Rc8 Nd6 36. Rd8 Be4 37. Rxd6 Rxd6 38. Bxe4 Rb6 39. Nf5+ Kf6 40. Nxe7 dxe4 41. Nd5+ 1-0


[Site "https://www.chess.com"]

[Event "Titled Tuesday Blitz May 25 2021"]
[White "Nitish Belurkar"]
[Black "Srihari L R"]
[WhiteFideId "5084768"]
[BlackFideId "46617116"]
[WhiteElo "2610"]
[BlackElo "2738"]
[Result "1/2-1/2"]
[Round "08"]
[TimeControl "180+1"]
[Date "2021.05.25"]
[WhiteClock "0:00:29"]
[BlackClock "0:00:05"]

1. d4 f5 2. Bg5 Nf6 3. Bxf6 exf6 4. Nd2 d5 5. e3 c6 6. c4 Be6 7. Ne2 Bb4 8. Nc3 O-O 9. Qb3 Bxc3 10. bxc3 b6 11. cxd5 Bxd5 12. Bc4 Kh8 13. Bxd5 cxd5 14. O-O Nc6 15. c4 Na5 16. Qb4 dxc4 17. Nxc4 Nxc4 18. Qxc4 Rc8 19. Qd3 Qd5 20. a4 g6 21. Rfc1 Rfd8 22. g3 Qd7 23. Qa6 Rc7 24. a5 Rb8 25. axb6 axb6 26. Qa3 b5 27. Qb4 Qe7 28. Rc5 Rxc5 29. dxc5 Qe4 30. Qb2 Qe5 31. Qc1 Rc8 32. c6 b4 33. Rb1 Qd6 34. Qc4 Rxc6 35. Qxb4 Qxb4 36. Rxb4 Rc7 37. Kg2 Kg7 38. Rb6 Rd7 39. h4 Ra7 40. Kf3 Re7 41. Rb5 Ra7 42. Rc5 Rb7 43. Rc2 Ra7 44. Ke2 Rb7 45. Kd3 Ra7 46. Kd4 Rd7+ 47. Kc3 Rc7+ 48. Kd3 Rd7+ 49. Ke2 Ra7 50. Kf3 Rb7 51. Rd2 Rc7 52. Re2 Ra7 53. Rd2 Rb7 54. Kg2 Ra7 55. Rd5 Rb7 56. h5 Ra7 57. Kf3 Kh6 58. hxg6 hxg6 59. Rd6 Kg7 60. Rb6 Rc7 61. Ke2 Rc2+ 62. Kf3 Rc7 63. Ra6 Rb7 64. Ra2 Rc7 65. Ke2 Rd7 66. Rb2 Ra7 67. Kd3 Rd7+ 68. Kc4 Rc7+ 69. Kd5 Rd7+ 70. Ke6 Ra7 71. Rd2 Ra6+ 72. Ke7 Ra7+ 73. Rd7 Ra6 74. Rd6 Ra2 75. f4 Re2 76. Re6 Rg2 77. Rxf6 Rxg3 78. Re6 g5 79. Re5 gxf4 80. exf4 Kg6 81. Ke6 Ra3 82. Re1 Ra6+ 83. Ke5 Ra5+ 84. Ke6 Ra6+ 85. Kd5 Ra5+ 86. Kd6 Ra6+ 87. Ke7 Ra7+ 88. Ke6 Ra6+ 1/2-1/2


[Site "https://www.chess.com"]

[Event "Titled Tuesday Blitz May 25 2021"]
[White "Omk124"]
[Black "Ghimpu, Samuel-Timotei"]
[BlackFideId "1238175"]
[WhiteElo "2541"]
[BlackElo "2730"]
[Result "1-0"]
[Round "08"]
[TimeControl "180+1"]
[Date "2021.05.25"]
[WhiteClock "0:01:59"]
[BlackClock "0:01:28"]

1. e4 g6 2. d4 Bg7 3. Nf3 d6 4. Bc4 c6 5. Bb3 Nf6 6. Nc3 O-O 7. h3 Qc7 8. O-O e5 9. dxe5 dxe5 10. Be3 Qe7 11. a4 Na6 12. Qc1 Nc5 13. Bxc5 Qxc5 14. Rd1 Nh5 15. Qe3 Qe7 16. a5 Nf4 17. Na4 Qg5 18. Nxg5 1-0


[Site "https://www.chess.com"]

[Event "Titled Tuesday Blitz May 25 2021"]
[White "Orlov, Oleg"]
[Black "Krivonosov, Oleg"]
[WhiteFideId "4166612"]
[BlackFideId "11600349"]
[WhiteElo "2573"]
[BlackElo "2731"]
[Result "1/2-1/2"]
[Round "08"]
[TimeControl "180+1"]
[Date "2021.05.25"]
[WhiteClock "0:01:06"]
[BlackClock "0:00:56"]

1. Nf3 d5 2. c4 e6 3. g3 Nf6 4. Bg2 Be7 5. d4 O-O 6. O-O Nbd7 7. Qc2 c6 8. Rd1 b6 9. Nbd2 Bb7 10. e4 dxc4 11. Nxc4 c5 12. Nfe5 cxd4 13. Rxd4 Qc7 14. Bf4 Nxe5 15. Bxe5 Qc6 16. a4 Rad8 17. Rad1 Rxd4 18. Rxd4 Bc5 19. Bxf6 gxf6 20. Rd2 Bb4 21. Re2 Rd8 22. h3 Qc5 23. Kh2 Ba6 24. b3 Bxc4 25. bxc4 Qd4 26. e5 f5 27. Qc1 Bd2 28. Qa3 Bh6 29. Qe7 Qd7 30. Qf6 Bg7 31. Qg5 h6 32. Qh4 Qd4 33. Qe7 Qd7 34. Qh4 Qd4 35. Qe7 Qd7 36. Qh4 1/2-1/2


[Site "https://www.chess.com"]

[Event "Titled Tuesday Blitz May 25 2021"]
[White "Papasimakopoulos, Alexandros"]
[Black "Kazakouski, Valery"]
[WhiteFideId "4244125"]
[BlackFideId "13507443"]
[WhiteElo "2637"]
[BlackElo "2765"]
[Result "1/2-1/2"]
[Round "08"]
[TimeControl "180+1"]
[Date "2021.05.25"]
[WhiteClock "0:00:46"]
[BlackClock "0:00:33"]

1. d4 Nf6 2. c4 e6 3. Nc3 Bb4 4. Qc2 Nc6 5. Nf3 d6 6. Bd2 O-O 7. a3 Bxc3 8. Bxc3 Qe7 9. g3 e5 10. d5 Nb8 11. Bg2 a5 12. b3 Nbd7 13. O-O Nc5 14. b4 Nce4 15. Bb2 axb4 16. axb4 Rxa1 17. Rxa1 h6 18. Nd2 Nxd2 19. Qxd2 Nd7 20. e4 f5 21. exf5 Rxf5 22. Bh3 Rf8 23. Be6+ Kh8 24. f4 exf4 25. Rf1 Ne5 26. Rxf4 Rxf4 27. Qxf4 Bxe6 28. Bxe5 Bd7 29. Bc3 Kg8 30. Kf2 Be8 31. g4 Bf7 32. Qe3 Qd7 33. Qd4 Bg6 34. h4 h5 35. gxh5 Bxh5 36. Qe4 b6 37. Qe6+ Qxe6 38. dxe6 Kf8 39. e7+ Kxe7 40. Bxg7 Bf7 41. c5 dxc5 42. bxc5 b5 43. Ke3 Ke6 44. Kd4 c6 1/2-1/2


[Site "https://www.chess.com"]

[Event "Titled Tuesday Blitz May 25 2021"]
[White "Pastar, Slaven"]
[Black "Samsonkin, Artiom"]
[WhiteFideId "14402718"]
[BlackFideId "13503111"]
[WhiteElo "2227"]
[BlackElo "2513"]
[Result "0-1"]
[Round "08"]
[TimeControl "180+1"]
[Date "2021.05.25"]
[WhiteClock "0:02:12"]
[BlackClock "0:02:00"]

1. b4 a5 2. b5 b6 3. Bb2 Bb7 4. Nf3 Nf6 5. e3 g6 6. Be2 Bg7 7. O-O O-O 8. c4 d6 9. Nc3 Nbd7 10. d4 e6 11. Rc1 Qe7 12. Na4 Ne4 13. Nd2 f5 14. Nxe4 Bxe4 15. Qd2 Rad8 16. Ba3 Qg5 17. f3 Ba8 18. f4 Qxg2# 0-1


[Site "https://www.chess.com"]

[Event "Titled Tuesday Blitz May 25 2021"]
[White "Perez Gormaz, Matias"]
[Black "Senft, Sean"]
[WhiteFideId "3406342"]
[BlackFideId "2044960"]
[WhiteElo "2414"]
[BlackElo "1881"]
[Result "1-0"]
[Round "08"]
[TimeControl "180+1"]
[Date "2021.05.25"]
[WhiteClock "0:00:50"]
[BlackClock "0:00:38"]

1. e4 c5 2. Nf3 d6 3. g3 Nf6 4. c3 g6 5. Bg2 Bg7 6. O-O O-O 7. Re1 Nc6 8. d4 cxd4 9. cxd4 Bg4 10. h3 Bxf3 11. Bxf3 Nd7 12. Be3 Rc8 13. Nc3 a6 14. Qd2 b5 15. Rac1 Nb6 16. b3 Nd7 17. Bg2 Qa5 18. Red1 Rfd8 19. h4 h5 20. Qe1 e5 21. dxe5 Ndxe5 22. Qe2 Ng4 23. Nd5 Nxe3 24. Qxe3 Kh7 25. Bh3 f5 26. exf5 Re8 27. fxg6+ Kh8 28. Qf3 Nd4 29. Qxh5+ Kg8 30. Rxc8 Rxc8 31. Bxc8 Qd8 32. Rxd4 Bxd4 33. Qh7+ 1-0


[Site "https://www.chess.com"]